 Dungeon Crawl Stone Soup version 0.25.1-2-g60ff931df9 (webtiles) character file.

Game seed: 3529895386010964804

28 RUZZLEFAZAZZLE the Firebug (level 3, 0/25 HPs)
             Began as a Human Fire Elementalist on Aug 24, 2020.
             Slain by a worm (9 damage)
             ... on level 2 of the Dungeon.
             The game lasted 00:04:04 (1524 turns).

RUZZLEFAZAZZLE the Firebug (HuFE)                   Turns: 1524, Time: 00:04:05

Health: 0/25       AC:  2    Str:  8    XL:     3   Next: 27%
Magic:  4/6        EV: 12    Int: 16    God:
Gold:   43         SH:  0    Dex: 13    Spells: 5/6 levels left

rFire    . . .     SeeInvis .   i - +0 dagger
rCold    . . .     Gourm    .   (no shield)
rNeg     . . .     Faith    .   a - +0 robe
rPois    .         Spirit   .   (no helmet)
rElec    .         Reflect  .   (no cloak)
rCorr    .         Harm     .   (no gloves)
MR       .....                  (no boots)
Stlth    ++........             (no amulet)
HPRegen  0.08/turn              (no ring)
MPRegen  0.10/turn              (no ring)

@: no status effects
A: no striking features
a: no special abilities


You were on level 2 of the Dungeon.
You were not hungry.

You visited 1 branch of the dungeon, and saw 2 of its levels.

You collected 43 gold pieces.

Inventory:

Hand Weapons
 i - a +0 dagger (weapon)
Armour
 a - a +0 robe (worn)
Scrolls
 b - 3 scrolls of identify
 d - a scroll of amnesia
 e - a scroll of noise {unknown}
Potions
 f - a potion of curing
Comestibles
 c - a ration


   Skills:
 + Level 0.9 Fighting
 + Level 2.3 Dodging
 - Level 2.0 Stealth
 + Level 2.2 Spellcasting
 + Level 1.4 Conjurations
 * Level 3.3 Fire Magic


You had 5 spell levels left.
You knew the following spells:

 Your Spells              Type           Power        Failure   Level  Hunger
a - Foxfire               Conj/Fire      #...         8%          1    #......

Your spell library contained the following spells:

 Spells                   Type           Power        Failure   Level  Hunger
 Conjure Flame            Conj/Fire      #.......     22%         3    ###....
 Inner Flame              Hex/Fire       #.......     30%         3    ###....
 Sticky Flame             Conj/Fire      #.......     58%         4    #####..
 Fireball                 Conj/Fire      #.........   91%         5    ######.


Dungeon Overview and Level Annotations

Branches:
Dungeon (2/15)

Altars:
Wu Jian


Message History

You start resting.
HP restored.
You climb downwards.
The worm bites you.
There is a stone staircase leading up here.
Casting: Foxfire (safe; 8% risk of failure)
Confirm with . or Enter, or press ? or * to list all spells.
You conjure some foxfire!
Casting: Foxfire (safe; 8% risk of failure)
Confirm with . or Enter, or press ? or * to list all spells.
Nothing appears to happen.
The worm bites you.
You barely miss the worm. You hit the worm.
The worm is lightly wounded.
The worm bites you.
You hit the worm but do no damage.
The worm is lightly wounded.
The worm bites you.
You hit the worm but do no damage. You hit the worm but do no damage.
The worm bites you!
You die...

..... ... .....
..... #.#.# #_#.#
# #w#.# .# ##
#@#.# ..# ...###
#.#.#..#
#....##.#...#
.PP. #........#
≈P≈≈ ###..###.##
.≈.≈.
##.........#
≈≈≈.≈
#..#.###.....
≈≈≈≈.♣######.##.#
.....
≈≈≈.P.#......##.#
...>.


You could see a worm.

Vanquished Creatures
  An adder (D:2)
  A giant cockroach (D:1)
  4 hobgoblins (D:1)
  3 bats
  2 goblins (D:1)
  3 kobolds
  5 rats
19 creatures vanquished.

Vanquished Creatures (others)
  44 foxfires
44 creatures vanquished.

Grand Total: 63 creatures vanquished

Notes
Turn   | Place    | Note
-------+----------+-------------------------------------------
     0 | D:1      | RUZZLEFAZAZZLE the Human Fire Elementalist began the quest
                  | for the Orb.
     0 | D:1      | Reached XP level 1. HP: 13/13 MP: 3/3
   313 | D:1      | Reached XP level 2. HP: 20/20 MP: 0/5
  1276 | D:2      | Found an ornate altar of the Wu Jian Council.
  1305 | D:2      | Reached XP level 3. HP: 17/25 MP: 0/6
  1524 | D:2      | Slain by a worm

Illustrated notes

Levels and vault maps discovered:
D:1:      nzn_arrival_water_spiral, layout_basic, serial_rivers,
          chequers_serial_rivers_micro_a, chequers_serial_rivers_micro_e,
          chequers_serial_rivers_micro_c, chequers_serial_rivers_large_b,
          chequers_avenue
D:2:      layout_rooms, lemuel_crystal_altar, overflow_temple_1_default,
          lemuel_round_altar, serial_bayou, serial_bayou_crossing,
          serial_bayou_pond_b, serial_bayou_shore_a, serial_bayou_pond_b,
          serial_bayou_lake_a, uniq_crazy_yiuf_cottage, uniq_terence,
          uniq_jessica

Action                   || total
-------------------------++-------
Melee: Unarmed           ||     3
       Dagger            ||    32
       Short sword       ||     7
 Cast: Foxfire           ||    29
  Use: Potion            ||     5
       Scroll            ||     3
  Eat: Ration            ||     1
       Chunk             ||     1
Armor: Robe              ||    25
Dodge: Dodged            ||    57
